 Dungeon Crawl Stone Soup version 0.30-a0-557-ge2afbf3030 (webtiles) character file.

Game seed: 5711817745380378405

572 bande the Chopper (level 7, -6/44 HPs)
             Began as a Gargoyle Fighter on Dec 28, 2022.
             Mangled by Edmund
             ... wielding a +0 dire flail of protection
              (10 damage)
             ... on level 5 of the Dungeon.
             The game lasted 00:06:59 (3471 turns).

bande the Chopper (Gargoyle Fighter)                Turns: 3471, Time: 00:07:00

Health: -6/44      AC: 14    Str: 19    XL:     7   Next: 34%
Magic:  7/7        EV:  9    Int:  9    God:
Gold:   182        SH:  4    Dex: 11    Spells: 6/6 levels left

rFire   . . .      SeeInvis .    a - +0 war axe (heavy)
rCold   . . .      Faith    +    c - +0 buckler
rNeg    + . .      Spirit   .    b - +0 scale mail
rPois   ∞          Reflect  .    (no helmet)
rElec   +          Harm     .    (no cloak)
rCorr   .          Rampage  .    (no gloves)
Will    .....                    n - +1 pair of boots Stlth
                                 j - amulet of faith
HPRegen 0.27/turn                (no ring)
MPRegen 0.10/turn                (no ring)

@: no status effects
A: sickness immunity, AC +4, negative energy resistance 1, electricity
resistance, torment resistance 1, petrification resistance, hooves 1, high MP 1
a: no special abilities


You were on level 5 of the Dungeon.
You visited 1 branch of the dungeon, and saw 5 of its levels.

You collected 182 gold pieces.

Inventory:

Hand Weapons
 a - a +0 heavy war axe (weapon)
Armour
 b - a +0 scale mail (worn)
 c - a +0 buckler (worn)
 m - a +0 helmet
 n - a +1 pair of boots (worn)
Jewellery
 j - an amulet of faith (around neck)
Wands
 h - a wand of mindburst (11)
Scrolls
 e - 2 scrolls of identify
 i - a scroll of teleportation
Potions
 d - a potion of might
 f - a potion of haste {unknown}
 g - a potion of heal wounds
 p - 6 potions of curing


   Skills:
 + Level 4.8 Fighting
 + Level 5.3 Axes
 + Level 4.5 Armour
 - Level 0.1 Stealth
 + Level 4.3 Shields


You had 6 spell levels left.
You didn't know any spells.
Your spell library contained the following spells:

 Spells                   Type           Power      Damage    Failure   Level
 Apportation              Tloc           0%         N/A       83%         1
 Magic Dart               Conj           0%         1d3       83%         1
 Necrotise                Necr           0%         1d4       83%         1
 Summon Small Mammal      Summ           0%         N/A       83%         1
 Blink                    Tloc           0%         N/A       92%         2
 Momentum Strike          Conj/Tloc      0%         3d8       92%         2
 Searing Ray              Conj           0%         2d4       92%         2
 Lesser Beckoning         Tloc           0%         N/A       99%         3
 Portal Projectile        Hex/Tloc       0%         N/A       99%         3
 Tukima's Dance           Hex            0%         N/A       99%         3
 Fulminant Prism          Conj/Hex       0%         3d5       100%        4
 Blade Hands              Tmut           0%         N/A       100%        5


Dungeon Overview and Level Annotations

Branches:
Dungeon (5/15)
 Temple: D:4-7

Altars:

Shops:
D:2 *   D:4 :

Annotations:
D:5 Edmund


Innate Abilities, Weirdness & Mutations

You are immune to sickness and miasma.
Your stone body is resilient. (AC +4)
You are immune to poison.
You resist negative energy. (rN+)
You are resistant to electric shocks. (rElec)
You are resistant to unholy torment.
You are immune to petrification.
You have large cloven feet.
You have an increased reservoir of magic. (+10% MP)


Message History

You hit Edmund.
Edmund is lightly wounded.
Edmund barely misses you.
An ogre comes into view. It is wielding a +0 giant spiked club.
Edmund barely misses you.
The ogre shouts!
You slash Edmund!
Edmund is moderately wounded.
You hear a shout!
Edmund closely misses you.
Edmund hits you with a +0 dire flail of protection.
You closely miss Edmund.
Edmund is moderately wounded.
Edmund barely misses you. x2
You closely miss Edmund.
Edmund is moderately wounded.
Edmund barely misses you. You block Edmund's attack.
You hit Edmund.
Edmund is heavily wounded.
You barely miss the ogre. Edmund closely misses you.
The ogre hits you with a +0 giant spiked club!!
Ouch! That really hurt!
* * * LOW HITPOINT WARNING * * *
Edmund hits you with a +0 dire flail of protection.
* * * LOW HITPOINT WARNING * * *
You are too injured to fight recklessly!
You are too injured to fight recklessly!
You are too injured to fight recklessly!
You are too injured to fight recklessly!
You are too injured to fight recklessly!
You are too injured to fight recklessly!
You are too injured to fight recklessly!
You are too injured to fight recklessly!
You are too injured to fight recklessly!
Unknown command.
You slash Edmund!
Edmund is severely wounded.
You slash the ogre! The ogre barely misses you.
Edmund hits you with a +0 dire flail of protection!
You die...

#.# #.######. #
#........ #.#
#........ ##.##
#..|.!... ..).#
#........
#.#..####.O......
#.##.....@@......
#.###.###+++#....
##.###..# .
#.......#
#..###..##
#..#.....#
#..#.#..##
#######..#.#...#
.........#.#...#


You could see Edmund and an ogre.

Vanquished Creatures
  A water moccasin (D:4)
  An ice beast (D:4)
  An ogre (D:4)
  A centaur (D:3)
  A jelly (D:4)
  An iguana (D:4)
  5 adders
  A worm (D:4)
  2 dart slugs
  14 orcs
  7 endoplasms
  4 giant cockroaches
  6 goblins
  6 hobgoblins
  9 kobolds
  7 quokkas
  2 ball pythons
  7 bats
  10 frilled lizards
  5 rats
91 creatures vanquished.

Notes
Turn   | Place    | Note
-------+----------+-------------------------------------------
     0 | D:1      | bande the Gargoyle Fighter began the quest for the Orb.
     0 | D:1      | Reached XP level 1. HP: 14/14 MP: 1/1
    91 | D:1      | Reached XP level 2. HP: 17/19 MP: 2/2
   226 | D:1      | Reached skill level 2 in Axes
   838 | D:2      | Reached XP level 3. HP: 23/23 MP: 3/3
  1020 | D:2      | Reached XP level 4. HP: 28/28 MP: 4/4
  1032 | D:2      | Found Cemoeqeu's General Store.
  1475 | D:3      | Noticed a centaur
  1485 | D:3      | Killed a centaur
  1486 | D:3      | Reached skill level 3 in Axes
  1486 | D:3      | Reached XP level 5. HP: 30/33 MP: 5/5
  2055 | D:4      | Noticed an ice beast
  2069 | D:4      | Killed an ice beast
  2070 | D:4      | Reached skill level 4 in Axes
  2070 | D:4      | Reached XP level 6. HP: 14/39 MP: 6/6
  2368 | D:4      | Noticed a water moccasin
  2380 | D:4      | Killed a water moccasin
  2383 | D:4      | Reached skill level 5 in Axes
  2383 | D:4      | Reached XP level 7. HP: 13/44 MP: 7/7
  2600 | D:4      | Gained mutation: You sometimes lose your temper in combat.
                  | [potion of mutation]
  2600 | D:4      | Gained mutation: You have a pair of small horns on your
                  | head. [potion of mutation]
  2601 | D:4      | Lost mutation: You have a pair of small horns on your head.
                  | [potion of mutation]
  2601 | D:4      | Lost mutation: You sometimes lose your temper in combat.
                  | [potion of mutation]
  2601 | D:4      | Gained mutation: Your spells are a little harder to cast,
                  | but a little more powerful. [potion of mutation]
  2601 | D:4      | Gained mutation: You are weak. (Str -2) [potion of
                  | mutation]
  2601 | D:4      | Lost mutation: You are weak. (Str -2) [potion of mutation]
  2861 | D:4      | Found Mefigul's Book Emporium.
  3291 | D:4      | Lost mutation: Your spells are a little harder to cast, but
                  | a little more powerful. [potion of mutation]
  3291 | D:4      | Gained mutation: You have large cloven feet. [potion of
                  | mutation]
  3291 | D:4      | Gained mutation: You have an increased reservoir of magic.
                  | (+10% MP) [potion of mutation]
  3381 | D:5      | Entered Level 5 of the Dungeon
  3461 | D:5      | Noticed Edmund
  3471 | D:5      | Mangled by Edmund

Illustrated notes

Levels and vault maps discovered:
D:1:      psy_arrival_dodecagon, layout_basic
D:2:      layout_basic, serial_shops, shop, minmay_lizard_pond
D:3:      layout_rooms
D:4:      cheibrodos_helix_gallery, layout_gridville, serial_shops,
          nicolae_diamond_shop
D:5:      layout_basic, kennysheep_cross_bottleneck, uniq_edmund

Skill      XL: |  1  2  3  4  5  6 |
---------------+-------------------+-----
Axes           | 2 3 4 5 |  5.3
Fighting       | 4 |  4.8
Armour         | 4 |  4.5
Shields        | 4 |  4.3
Stealth        | |  0.1

Action                   |  1- 3 |  4- 6 |  7- 9 || total
-------------------------+-------+-------+-------++-------
Melee: War axe           |   112 |    97 |    49 ||   258
  Use: Scroll            |       |    10 |     3 ||    13
       Potion            |       |       |     3 ||     3
Armor: Scale mail        |    84 |    89 |    26 ||   199
Dodge: Dodged            |    71 |    68 |    32 ||   171
Block: Buckler           |    22 |    34 |     7 ||    63

Table legend: (Time is in decaauts)
 A = Elapsed time spent in this place.
 B = Non-inter-level travel time spent in this place.
 C = Inter-level travel time spent in this place.
 D = Time resting spent in this place.
 E = Time spent auto-exploring this place.
 F = Levels seen in this place.
 G = Mean time per level.
                   A        B        C        D        E       F      G
               +--------+--------+--------+--------+--------+-----+--------+
         Total |   3596 |   3381 |    215 |    593 |   1969 |   5 |  719.2 |
       Dungeon |   3596 |   3381 |    215 |    593 |   1969 |   5 |  719.2 |
               +--------+--------+--------+--------+--------+-----+--------+

Top non-repeatable levels by time:
     D:4: 1463 daAuts
     D:2: 850 daAuts
     D:1: 679 daAuts
     D:3: 508 daAuts
     D:5: 95 daAuts
